 Dungeon Crawl Stone Soup version 0.14.2 (webtiles) character file.

96 FuckCats the Insei (level 3, 0/29 HPs)
             Began as a Mummy Monk on Jan 30, 2016.
             Slain by a gnoll
             ... wielding a +0,+0 spear
              (7 damage)
             ... on Level 1 of the Dungeon.
             The game lasted 00:06:31 (3474 turns).

FuckCats the Insei (Mummy Monk)                     Turns: 3474, Time: 00:06:31

HP   0/29        AC -2     Str 14      XL: 3   Next: 69%
MP   3/3         EV 13     Int  9      God:
Gold 40          SH  0     Dex 15      Spells:  0 memorised,  2 levels left

rFire  x . .     SeeInvis .       - Unarmed
rCold  + . .     Clarity  .     (no armour)
rNeg   + + +     Conserve .     (no shield)
rPois  +         rCorr    .     (no helmet)
rElec  .         rRot     +     (no cloak)
SustAb . .       Spirit   .     (no gloves)
rMut   .         Warding  .     (no boots)
Saprov . . .     Stasis   .     (no amulet)
MR     .....                    (no ring)
                                d - cursed -2 ring of protection

@: not resistant to hostile enchantments, fairly stealthy
A: no food or potions, fire vulnerability, restore body, cold resistance 1, life
protection 3, poison resistance, torment resistance, unbreathing
a: no special abilities


You were on level 1 of the Dungeon.
You were not hungry.

You visited 1 branch of the dungeon, and saw 2 of its levels.

You collected 40 gold pieces.


Innate Abilities, Weirdness & Mutations

You do not eat or drink.
Your flesh is vulnerable to fire.
Your flesh is cold resistant.
You are immune to negative energy.
Your system is resistant to poisons.
You are immune to unholy pain and torment.
You can survive without breathing.


   Skills:
 - Level 3.0 Fighting
 - Level 2.4 Dodging
 - Level 1.5 Stealth
 + Level 4.4 Unarmed Combat


You had 2 spell levels left.
You didn't know any spells.

Inventory:

Missiles
 b - 18 steel bolts (quivered)
Scrolls
 a - 4 scrolls of identify {unknown}
 c - a scroll of immolation {unknown}
 e - a scroll of magic mapping {unknown}
 f - a scroll of enchant armour {unknown}
 g - a scroll of random uselessness {unknown}
Jewellery
 d - a cursed -2 ring of protection (left hand)

Dungeon Overview and Level Annotations

Branches:
Dungeon (2/15)

Altars:

Annotations:
D:2 Ijyb

▒·▒▒▒▒······▒·▒·▒▒·▒▒▒·▒
▒·▒▒······▒·▒·▒·▒▒·▒ ▒·▒
▒·▒▒·▒··▒··········▒ ▒·▒
▒·▒▒·▒··▒▒▒·▒▒▒▒▒▒▒▒ ▒·▒
▒········▒▒·▒ ▒·▒
▒▒·▒▒·····(·▒▒▒▒▒▒ ▒·▒
▒·▒▒·▒▒·▒▒▒·····▒ ▒▒·▒ ▒·▒▒·▒▒·▒
▒·····▒ ▒··▒ ▒·▒▒·▒▒·▒ ▒·M▒··▒
▒·▒▒ ▒·▒▒·▒▒·▒ ▒··g··▒▒▒▒·▒▒▒
▒·······▒ ▒····>▒▒·····▒▒▒
▒▒▒▒····▒▒▒▒▒▒▒·▒▒▒▒▒▒▒··▒
▒······▒▒▒▒···▒▒▒▒····▒
▒··▒·····▒··≈··▒·····▒▒
▒▒▒▒▒▒▒▒··▒8··≈····≈····≈··8▒
·▒▒·······▒▒···≈··≈≈≈··≈···▒▒
·▒▒·▒▒····▒·····≈≈≈≈≈≈≈·····▒▒▒▒▒


You could see a gnoll.


Message History

w - Wait here. f - Follow me.
Anything else - Stay silent.
You shout for attention!
The gnoll shouts!
The gnoll hits you from afar with a spear!
The gnoll barely misses you.
You hit the gnoll but do no damage. The gnoll hits you with a spear.
You barely miss the gnoll. The gnoll hits you with a spear.
* * * LOW HITPOINT WARNING * * *
You hit the gnoll.
The gnoll is moderately wounded.
You hit the gnoll.
The gnoll is heavily wounded.
The gnoll completely misses you.
You hit the gnoll but do no damage.
The gnoll is heavily wounded.
The gnoll closely misses you.
You hit the gnoll.
The gnoll is heavily wounded.
The gnoll barely misses you.
You hit the gnoll but do no damage.
The gnoll is heavily wounded.
The gnoll closely misses you.
You hit the gnoll.
The gnoll is severely wounded.
The gnoll hits you with a spear!
* * * LOW HITPOINT WARNING * * *
You hit the gnoll but do no damage.
The gnoll is severely wounded.
The gnoll hits you with a spear!
You die...

Action                   || total
-------------------------++-------
Melee: Unarmed           ||   195
 Stab: Sleeping          ||     1

Vault maps used:
D:1:      eino_arrival_water_star
D:2:      uniq_iyjb

Notes
Turn   | Place    | Note
--------------------------------------------------------------
     0 | D:1      | FuckCats, the Mummy Monk, began the quest for the Orb.
     0 | D:1      | Reached XP level 1. HP: 18/18 MP: 1/1
   499 | D:1      | Reached XP level 2. HP: 20/24 MP: 2/2
  1089 | D:1      | Reached skill level 4 in Unarmed Combat
  1366 | D:1      | Reached XP level 3. HP: 20/29 MP: 3/3
  2915 | D:2      | Noticed Ijyb
  3474 | D:1      | Slain by a gnoll

Vanquished Creatures
  An adder (D:2)
  A giant cockroach (D:1)
  7 goblins (D:1)
  6 hobgoblins
  9 kobolds
  6 bats
  2 giant geckos
  2 giant newts (D:1)
  4 jackals (D:1)
  A quokka (D:2)
  5 rats
44 creatures vanquished.
